 Dungeon Crawl Stone Soup version 0.20.1-1-g8b1a95d (webtiles) character file.

141 TheGuigne the Chopper (level 5, 0/41 HPs)
             Began as a Formicid Abyssal Knight on Aug 22, 2017.
             Was a Believer of Lugonu.
             Succumbed to a kobold's poison
             ... on level 3 of the Dungeon.
             The game lasted 00:06:57 (2954 turns).

TheGuigne the Chopper (Formicid Abyssal Knight)     Turns: 2954, Time: 00:06:58

Health: 0/41       AC:  3    Str: 16 (18) XL:     5   Next: 48%
Magic:  6/6        EV: 11    Int: 10 (11) God:    Lugonu [**....]
Gold:   89         SH:  0    Dex: 10      Spells: 4/4 levels left

rFire    . . .     SeeInvis +   b - +0 hunting sling
rCold    . . .     Gourm    .   (no shield)
rNeg     . . .     Faith    .   q - +0 leather armour
rPois    .         Spirit   .   (helmet unavailable)
rElec    .         Reflect  .   (no cloak)
rCorr    +         Harm     .   (no gloves)
MR       .....                  (no boots)
Stlth    +.........             (no amulet)
Regen    0.2/turn               (no ring)
MPRegen  0.1/turn               o - ring of resist corrosion

@: lethally poisoned (0 -> -8)
A: permanent stasis, dig shafts and tunnels, four strong arms, antennae 3
a: Dig, Shaft Self, Depart the Abyss, Bend Space, Renounce Religion


You were on level 3 of the Dungeon.
You worshipped Lugonu.
Lugonu was pleased with you.
You were hungry.

You visited 1 branch of the dungeon, and saw 3 of its levels.
You visited the Abyss 1 time.

You collected 89 gold pieces.

Inventory:

Hand Weapons
 a - a +1 hand axe
 b - a +0 hunting sling (weapon)
Missiles
 g - 38 stones (quivered)
 j - 37 bolts
Armour
 q - a +0 leather armour (worn)
Jewellery
 o - a ring of resist corrosion (right hand)
Scrolls
 d - a scroll of blinking {unknown}
 e - a scroll of enchant weapon {unknown}
 h - a scroll of teleportation {unknown}
 i - a scroll of fog {unknown}
 k - a scroll of remove curse
 l - a scroll of enchant armour {unknown}
 m - 2 scrolls of amnesia
 p - 2 scrolls of fear {unknown}
 v - a scroll of identify {unknown}
Comestibles
 c - 4 bread rations
 f - 2 chunks of flesh
 t - a meat ration


   Skills:
 - Level 3.2 Fighting
 + Level 5.2 Axes
 - Level 2.1 Armour
 - Level 0.8 Dodging
 - Level 2.1 Invocations


You had 4 spell levels left.
You didn't know any spells.

Dungeon Overview and Level Annotations

Branches:
Dungeon (3/15)

Altars:

Annotations:
D:2 Grinder


Innate Abilities, Weirdness & Mutations

You cannot be hasted, slowed, berserked, paralysed or teleported.
You can dig through walls and to a lower floor.
Your four strong arms can wield two-handed weapons with a shield.
You have a pair of large antennae on your head. (SInv)


Message History

There is a stone staircase leading up, spattered with blood here.
You aren't carrying any potions.
There is a lethal amount of poison in your body!
* * * LOW HITPOINT WARNING * * *
You feel sick.
* * * LOW HITPOINT WARNING * * *
You feel sick.
* * * LOW HITPOINT WARNING * * *
You feel sick.
* * * LOW HITPOINT WARNING * * *
You feel sick.
* * * LOW HITPOINT WARNING * * *
You feel sick.
* * * LOW HITPOINT WARNING * * *
You feel sick.
* * * LOW HITPOINT WARNING * * *
You feel sick.
* * * LOW HITPOINT WARNING * * *
You feel sick.
You die...

#.# { #.# #.#
#.# .#
###.########.###
#>..............
#.##.######..###
#...............
##.#.@....#..#
#.#.######..#
#...........#
###.######.##
#..........
#..######.##
#..# ..#
#..####.###
#รท........


There were no monsters in sight!

Vanquished Creatures
  Robin (D:1)
  6 adders
  2 worms
  A dart slug (D:1)
  A leopard gecko (D:1)
  9 bats
  3 giant cockroaches (D:1)
  9 goblins
  7 hobgoblins
  11 jackals
  5 kobolds
  2 ball pythons (D:1)
  A frilled lizard (D:2)
  6 rats
64 creatures vanquished.

Notes
Turn   | Place    | Note
-------+----------+-------------------------------------------
     0 | Abyss:1  | TheGuigne the Formicid Abyssal Knight began the quest for the Orb.
     0 | Abyss:1  | Reached XP level 1. HP: 18/18 MP: 2/2
     0 | D:1      | Escaped the Abyss
    20 | D:1      | Reached * piety under Lugonu
    90 | D:1      | Reached XP level 2. HP: 20/24 MP: 3/3
   358 | D:1      | Reached skill level 3 in Axes
   414 | D:1      | Reached XP level 3. HP: 20/29 MP: 4/4
   902 | D:2      | Noticed Robin
   933 | D:1      | Killed Robin
   933 | D:1      | Reached skill level 4 in Axes
   933 | D:1      | Reached XP level 4. HP: 30/35 MP: 5/5
  1247 | D:2      | Found a faded altar of an unknown god.
  1371 | D:2      | Reached ** piety under Lugonu
  1888 | D:2      | Reached XP level 5. HP: 22/41 MP: 6/6
  2389 | D:3      | Noticed Grinder
  2456 | D:1      | Reached skill level 5 in Axes
  2952 | D:3      | HP: 2/41 [poisoned by a kobold]
  2954 | D:3      | Succumbed to a kobold's poison

Skill      XL: |  1  2  3  4  5 |
---------------+----------------+-----
Axes           | 3 4 5 |  5.2
Fighting       | |  3.2
Armour         | |  2.1
Dodging        | |  0.8
Invocations    | |  2.1

Action                   |  1- 3 |  4- 6 || total
-------------------------+-------+-------++-------
Melee: Hand axe          |    81 |    96 ||   177
 Fire: Hunting sling     |       |    37 ||    37
Invok: Depart the Abyss  |     1 |       ||     1
  Use: Potion            |     1 |     6 ||     7
       Scroll            |       |     2 ||     2
  Eat: Chunk             |       |     6 ||     6
Armor: Leather armour    |    27 |    18 ||    45
Dodge: Dodged            |    50 |    77 ||   127
